 Dungeon Crawl Stone Soup version 0.30-a0-465-g8901f6c8b5 (webtiles) character file.

Game seed: 11848867950999141520

830 greenreed the Digger (level 7, -1/36 HPs)
             Began as a Gargoyle Earth Elementalist on Dec 18, 2022.
             Was a Believer of Nemelex Xobeh.
             Slain by a lemure (8 damage)
             ... led by Pikel
             ... on level 4 of the Dungeon.
             The game lasted 00:10:53 (4785 turns).

greenreed the Digger (Gargoyle Earth Elementalist)  Turns: 4785, Time: 00:10:53

Health: -1/36      AC:  6    Str: 12    XL:     7   Next: 97%
Magic:  1/16       EV: 12    Int: 17    God:    Nemelex Xobeh [**....]
Gold:   160        SH:  0    Dex: 10    Spells: 12/18 levels left

rFire   . . .      SeeInvis .    o - +2 dagger (holy)
rCold   . . .      Faith    +    (no shield)
rNeg    + + .      Spirit   .    a - +0 robe
rPois   ∞          Reflect  .    (no helmet)
rElec   +          Harm     .    l - scarf {+Inv}
rCorr   .          Rampage  .    (no gloves)
Will    .....                    (no boots)
Stlth   ++........               q - amulet of faith
HPRegen 0.26/turn                e - ring of positive energy
MPRegen 0.15/turn                (no ring)

@: flying
A: sickness immunity, AC +4, negative energy resistance 1, electricity
resistance, torment resistance 1, petrification resistance
a: Renounce Religion, Evoke Invisibility, Draw Escape, Draw Destruction, Draw
Summoning


You were on level 4 of the Dungeon.
You worshipped Nemelex Xobeh.
Nemelex Xobeh was pleased with you.
You visited 2 branches of the dungeon, and saw 6 of its levels.

You collected 160 gold pieces.

Inventory:

Hand Weapons
 o - a +2 dagger of holy wrath (weapon)
Armour
 a - a +0 robe (worn)
 l - a scarf of invisibility (worn)
 p - the +1 chain mail of Kikubaaqudgha's Whim {Contam rElec rPois Int+3}
   (You took it off an orc on level 3 of the Dungeon)

   Int:       It affects your intelligence (+3).
   rElec:     It insulates you from electricity.
   rPois:     It protects you from poison.
   Contam:    It causes magical contamination when unequipped.
 r - a +0 cloak
Jewellery
 e - a ring of positive energy (left hand)
 q - an amulet of faith (around neck)
Scrolls
 f - 4 scrolls of identify {unknown}
 i - 3 scrolls of blinking {unknown}
 m - 2 scrolls of teleportation {unknown}
 n - a scroll of noise {unknown}
 s - a scroll of fog {unknown}
Potions
 b - a potion of magic
 c - a potion of attraction {unknown}
 d - a potion of berserk rage {unknown}
 g - 2 potions of flight
 h - a potion of brilliance {unknown}
 j - 2 potions of curing
 k - a potion of invisibility {unknown}


   Skills:
 + Level 0.2 Fighting
 + Level 1.7 Dodging
 + Level 2.3 Stealth
 * Level 6.0 Spellcasting
 + Level 0.7 Transmutations
 * Level 7.6 Earth Magic
 * Level 1.7 Invocations


You had 12 spell levels left.
You knew the following spells:

 Your Spells              Type           Power      Damage    Failure   Level
a - Sandblast             Erth           60%        2d14      1%          1
b - Stone Arrow           Conj/Erth      36%        3d9       9%          3
c - Passwall              Tmut/Erth      15%        N/A       3%          2

Your spell library contained the following spells:

 Spells                   Type           Power      Damage    Failure   Level
 Petrify                  Tmut/Erth      19%        N/A       24%         4
 Ozocubu's Armour         Ice            5%         N/A       36%         3
 Metabolic Englaciation   Hex/Ice        2%         N/A       98%         5
 Simulacrum               Ice/Necr       2%         N/A       100%        6


Dungeon Overview and Level Annotations

Branches:
Dungeon (5/15)             Temple (1/1) D:4

Altars:
Ashenzari
Cheibriados
Dithmenos
Elyvilon
Fedhas
Gozag
Hepliaklqana
Kikubaaqudgha
Makhleb
Nemelex Xobeh
Okawaru
Qazlal
Ru
Sif Muna
Trog
Uskayaw
Vehumet
Wu Jian
Xom
Yredelemnul
Zin
The Shining One

Annotations:
D:5 Pikel


Innate Abilities, Weirdness & Mutations

You are immune to sickness and miasma.
Your stone body is resilient. (AC +4)
You are immune to poison.
You resist negative energy. (rN+)
You are resistant to electric shocks. (rElec)
You are resistant to unholy torment.
You are immune to petrification.


Message History

The lemure hits you.
Casting: Stone Arrow (dangerous; 9% risk of failure)
Confirm with . or Enter, or press ? or * to list all spells.
You don't have enough magic to cast this spell.
Unknown command.
Casting: Stone Arrow (dangerous; 9% risk of failure)
Confirm with . or Enter, or press ? or * to list all spells.
You don't have enough magic to cast this spell.
You are too injured to fight recklessly!
Casting: Stone Arrow (dangerous; 9% risk of failure)
Confirm with . or Enter, or press ? or * to list all spells.
Aiming: Sandblast (safe; 1% risk of failure)
Press: ? - help, Shift-Dir - straight line, f/p - lemure
Aim: a lemure (severely wounded, 80% to hit)
The blast of sand hits the lemure.
The lemure is almost dead.
The lemure hits you.
* * * LOW HITPOINT WARNING * * *
The lemure hits you but does no damage.
You miss the lemure.
The lemure is almost dead.
The lemure completely misses you.
You closely miss the lemure.
The lemure is almost dead.
The lemure barely misses you.
You hit the lemure but do no damage.
The lemure is almost dead.
The lemure misses you.
You hit the lemure.
The lemure convulses.
The lemure is almost dead.
The lemure hits you.
* * * LOW HITPOINT WARNING * * *
You hit the lemure but do no damage.
The lemure is almost dead.
The lemure barely misses you.
You hit the lemure but do no damage.
The lemure is almost dead.
The lemure hits you!
You die...
Your body disappears without a glow.

############## #####
#............# #....
#............# #....
#.[..@.......# #.[..
###########.....5......# #....
#......................# ###....
#..........##'#.....#### #.....#
#..........#..+.....# #.....#
#..........#..#.....# #.....#
#..........#..#.....# #.....#
##..........####.....######.....#
.#####....####....#..............


You could see a lemure.

Vanquished Creatures
  Grinder (D:5)
  A lemure (D:5)
  A necrophage (D:4)
  A scorpion (D:3)
  A vampire bat (D:5)
  A jelly (D:5)
  3 orc priests
  A hound (D:4)
  An orc wizard (D:2)
  3 gnolls (D:3)
  5 adders
  6 worms
  2 dart slugs
  3 fire bats (D:5)
  17 orcs
  2 spectral bats (D:5)
  9 ball pythons
  14 bats
  3 bat skeletons (D:5)
  A bat zombie (D:5)
  13 endoplasms
  5 giant cockroaches
  9 goblins
  7 hobgoblins
  5 jackals (D:3)
  2 quokkas
  A bat simulacrum (D:5)
  A frilled lizard (D:2)
  6 kobolds
  7 rats
132 creatures vanquished.

Notes
Turn   | Place    | Note
-------+----------+-------------------------------------------
     0 | D:1      | greenreed the Gargoyle Earth Elementalist began the quest
                  | for the Orb.
     0 | D:1      | Reached XP level 1. HP: 10/10 MP: 3/3
    97 | D:1      | Reached skill level 4 in Earth Magic
   109 | D:1      | Reached XP level 2. HP: 15/15 MP: 0/5
   650 | D:1      | Reached XP level 3. HP: 19/19 MP: 2/6
  1322 | D:2      | Reached XP level 4. HP: 21/24 MP: 4/8
  1503 | D:2      | Reached skill level 5 in Earth Magic
  2214 | D:3      | Reached XP level 5. HP: 28/28 MP: 6/10
  2334 | D:3      | Found a sparkling altar of Nemelex Xobeh.
  2337 | D:3      | Found a hazy altar of Hepliaklqana.
  2337 | D:3      | Found a snail-covered altar of Cheibriados.
  2337 | D:3      | Found a basalt altar of Yredelemnul.
  2337 | D:3      | Found a white marble altar of Elyvilon.
  2339 | D:3      | Found a glowing silver altar of Zin.
  2339 | D:3      | Found a hide-covered altar of Uskayaw.
  2340 | D:3      | Found a sacrificial altar of Ru.
  2350 | D:3      | Reached skill level 6 in Earth Magic
  2362 | D:3      | Reached XP level 6. HP: 24/32 MP: 0/12
  2366 | D:3      | Learned a level 3 spell: Stone Arrow
  2459 | D:3      | Became a worshipper of Nemelex Xobeh the Trickster
  2461 | D:3      | Identified the +1 chain mail of Kikubaaqudgha's Whim
                  | {Contam rElec rPois Int+3}
  3332 | D:4      | Reached * piety under Nemelex Xobeh
  3352 | D:4      | Received a gift from Nemelex Xobeh
  3543 | D:4      | Learned a level 2 spell: Passwall
  3832 | D:4      | Found a staircase to the Ecumenical Temple.
  4171 | Temple   | Entered the Ecumenical Temple
  4232 | D:5      | Entered Level 5 of the Dungeon
  4253 | D:5      | Reached XP level 7. HP: 36/36 MP: 11/14
  4287 | D:5      | Reached ** piety under Nemelex Xobeh
  4313 | D:5      | Reached skill level 1 in Invocations
  4317 | D:5      | Reached skill level 5 in Spellcasting
  4423 | D:5      | Noticed Grinder
  4428 | D:5      | Killed Grinder
  4429 | D:5      | Reached skill level 7 in Earth Magic
  4727 | D:5      | Noticed Pikel
  4785 | D:4      | Slain by a lemure

Illustrated notes

Levels and vault maps discovered:
D:1:      tekkud_arrival_beachfront_property, layout_basic
D:2:      layout_loops_cross, minmay_tall_x
D:3:      layout_loops_ring, grunt_temple_overflow_open
D:4:      layout_gridville, temple_green
D:5:      layout_rooms, goddamned_bats, uniq_pikel, uniq_grinder
Temple:   nicolae_temple_ecumenical_triangle

Skill      XL: |  1  2  3  4  5  6  7 |
---------------+----------------------+-----
Earth Magic    | 4 5 6 7 |  7.6
Spellcasting   | 3 4 6 |  6.0
Invocations    | 1 |  1.7
Fighting       | |  0.2
Dodging        | |  1.7
Stealth        | |  2.3
Transmutations | |  0.7

Action                   |  1- 3 |  4- 6 |  7- 9 || total
-------------------------+-------+-------+-------++-------
Melee: Unarmed           |    28 |     5 |       ||    33
       Dagger            |       |       |     9 ||     9
 Cast: Sandblast         |    40 |   126 |    37 ||   203
       Stone Arrow       |       |       |     5 ||     5
       Passwall          |       |       |     1 ||     1
Invok: Draw Destruction  |       |       |     4 ||     4
  Use: Potion            |       |       |     2 ||     2
Armor: Robe              |    10 |     9 |    18 ||    37
Dodge: Dodged            |    28 |    25 |    28 ||    81

Table legend: (Time is in decaauts)
 A = Elapsed time spent in this place.
 B = Non-inter-level travel time spent in this place.
 C = Inter-level travel time spent in this place.
 D = Time resting spent in this place.
 E = Time spent auto-exploring this place.
 F = Levels seen in this place.
 G = Mean time per level.
                   A        B        C        D        E       F      G
               +--------+--------+--------+--------+--------+-----+--------+
         Total |   4886 |   4692 |    194 |    196 |   3770 |   6 |  814.3 |
       Dungeon |   4842 |   4654 |    188 |    196 |   3740 |   5 |  968.4 |
        Temple |     43 |     37 |      6 |      0 |     30 |   1 |   43.0 |
               +--------+--------+--------+--------+--------+-----+--------+

Top non-repeatable levels by time:
     D:1: 1177 daAuts
     D:2: 1114 daAuts
     D:4: 1038 daAuts
     D:3: 954 daAuts
     D:5: 557 daAuts
  Temple: 43 daAuts
